 Dungeon Crawl Stone Soup version 0.19-a0-1341-g3513869 (webtiles) character file.

30 onionterror the Magician (level 3, 0/20 HPs)
             Began as a Gargoyle Wizard on Sept 1, 2016.
             Slain by a gnoll (6 damage)
             ... on level 2 of the Dungeon.
             The game lasted 00:05:17 (657 turns).

onionterror the Magician (Gargoyle Wizard)           Turns: 657, Time: 00:05:18

Health: 0/20       AC:  5    Str: 10    XL:     3   Next: 18%
Magic:  0/7        EV: 12    Int: 19    God:
Gold:   56         SH:  0    Dex:  8    Spells: 2 memorised, 5 levels left

rFire  . . .     SeeInvis .     e - +0 club
rCold  . . .     Gourm    .     a - +0 robe
rNeg   + . .     Faith    .     (no shield)
rPois  ∞         Spirit   .     b - +0 hat
rElec  +         Dismiss  .     (no cloak)
rCorr  .         Reflect  .     (no gloves)
MR     .....     Harm     .     (no boots)
Stlth  ++........               (no amulet)
                                (no ring)
                                (no ring)

@: very slightly contaminated
A: negative energy resistance 1, electricity resistance, unbreathing,
petrification resistance, rot immunity, AC +3
a: no special abilities


You were on level 2 of the Dungeon.
You were not hungry.

You visited 1 branch of the dungeon, and saw 2 of its levels.

You collected 56 gold pieces.

Inventory:

Hand Weapons
 e - a +0 club (weapon)
Armour
 a - a +0 robe (worn)
 b - a +0 hat (worn)
 g - a +0 scale mail
Scrolls
 h - a scroll of remove curse
 i - 2 scrolls of identify {unknown}
 k - a scroll of blinking {unknown}
Potions
 j - a potion of curing {unknown}
Books
 c - a book of Minor Magic

   Spells                             Type                      Level
   a - Magic Dart                     Conjuration                  1
   b - Blink                          Translocation                2
   c - Call Imp                       Summoning                    2
   d - Repel Missiles                 Charms/Air                   2
   e - Slow                           Hexes                        2
   f - Conjure Flame                  Conjuration/Fire             3
   g - Mephitic Cloud                 Conjuration/Poison/Air       3
Comestibles
 d - a bread ration
 f - 2 fruits
 l - a chunk of flesh


   Skills:
 + Level 1.2 Fighting
 + Level 1.3 Maces & Flails
 - Level 1.5 Dodging
 - Level 2.1 Stealth
 + Level 3.2 Spellcasting
 + Level 1.9 Conjurations
 - Level 0.8 Summonings
   Level 0.8 Translocations


You had 5 spell levels left.
You knew the following spells:

 Your Spells              Type           Power        Failure   Level  Hunger
a - Magic Dart            Conj           ##..         10%         1    None
b - Call Imp              Summ           #.......     17%         2    ##.....


Dungeon Overview and Level Annotations

Branches:
Dungeon (2/15)

Altars:


Innate Abilities, Weirdness & Mutations

You are resistant to torment.
Your stone body is resilient. (AC +3)
You are immune to poison.
You resist negative energy. (rN+)
You are resistant to electric shocks. (rElec)
You can survive without breathing.
You are immune to petrification.
You are immune to rotting.


Message History

The gnoll hits you.
The gnoll hits you from afar with a spear.
* * * LOW HITPOINT WARNING * * *
Casting: Call Imp
Confirm with . or Enter, or press ? or * to list all spells.
You miscast Call Imp.
You are very lightly contaminated with residual magic.
Nothing appears to happen.
The gnoll closely misses you.
Casting: Call Imp
Confirm with . or Enter, or press ? or * to list all spells.
You don't have enough magic to cast that spell.
You see here a hobgoblin corpse.
Things that are here:
a halberd; a gnoll corpse
Okay, then.
Casting: Call Imp
Confirm with . or Enter, or press ? or * to list all spells.
A beastly little devil appears in a puff of flame.
The gnoll hits you.
You die...

#...............>.##### ###
..##...#..............# ###..
..(....#.........####.#######...#
####........####.##..........†..#
..###.#### #.##.#.#######.... ###
#.# #.......# ###.. #.# #.g.....#
#.# #g##..#.# #.. #@###g..# #.#
##.####..# #.#
#..5g....########.#
...#####.####.....#.......
...............##.#.....##
........................#
................#.#.....#
...#####.......##.#.....# ..
#......###.#######


You could see 2 gnolls and a friendly crimson imp.

Vanquished Creatures
  2 giant geckos
  A giant cockroach (D:2)
  A hobgoblin (D:2)
  A bat (D:1)
  2 giant newts (D:1)
  3 goblins
  A kobold (D:1)
  6 rats
17 creatures vanquished.

Vanquished Creatures (collateral kills)
  2 gnolls (D:2)
2 creatures vanquished.

Grand Total: 19 creatures vanquished

Notes
Turn   | Place    | Note
-------+----------+-------------------------------------------
     0 | D:1      | onionterror the Gargoyle Wizard began the quest for the Orb.
     0 | D:1      | Reached XP level 1. HP: 10/10 MP: 4/4
   204 | D:1      | Reached XP level 2. HP: 16/16 MP: 1/6
   246 | D:1      | Learned a level 2 spell: Call Imp
   624 | D:2      | Reached skill level 1 in Fighting
   624 | D:2      | Reached skill level 1 in Maces & Flails
   625 | D:2      | Reached XP level 3. HP: 14/20 MP: 1/7
   657 | D:2      | Slain by a gnoll

Vault maps used:
D:1:      dpeg_arrival_arbitrary_c
D:2:      uniq_sigmund, uniq_natasha, uniq_jessica

Skill      XL: |  1  2 |
---------------+-------+-----
Fighting       | 1 |  1.2
Maces & Flails | 1 |  1.3
Dodging        | |  1.5
Stealth        | |  2.1
Spellcasting   | |  3.2
Conjurations   | |  1.9
Summonings     | |  0.8
Translocations | |  0.8

Action                   || total
-------------------------++-------
Melee: Club              ||    34
 Cast: Magic Dart        ||    26
       Call Imp          ||     2
  Use: Scroll            ||     1
Armor: Scale mail        ||     8
       Robe              ||     9
Dodge: Dodged            ||    22
